 Dungeon Crawl Stone Soup version 0.29-a0-322-g68df515428 (webtiles) character file.

Game seed: 8341786845131342535

983 zishaf the Skirmisher (level 8, 0/56 HPs)
             Began as an Octopode Cinder Acolyte on Apr 5, 2022.
             Was a High Priest of Ignis.
             Slain by an ice beast (14 damage)
             ... on level 5 of the Dungeon.
             The game lasted 00:10:06 (5156 turns).

zishaf the Skirmisher (Octopode Cinder Acolyte)     Turns: 5156, Time: 00:10:07

Health: 0/56       AC:  3    Str: 13    XL:     8   Next: 17%
Magic:  12/12      EV: 13    Int: 21    God:    Ignis [*****.]
Gold:   143        SH:  0    Dex: 10    Spells: 2/13 levels left

rFire   + . .      SeeInvis .   a - -1 spear (flame)
rCold   . . .      Faith    .   (no shield)
rNeg    . . .      Spirit   .   (helmet restricted)
rPois   .          Reflect  .   (no amulet)
rElec   .          Harm     .   d - ring of wizardry
rCorr   .          Rampage  .   n - ring "Zuhoreuv" {Will+ Int+2 Dex+3}
Will    +....      Rnd*Tele +   (no ring)
Stlth   ++........              (no ring)
HPRegen 0.18/turn               (no ring)
MPRegen 0.13/turn               (no ring)
                                (no ring)
                                (no ring)

@: no status effects
A: almost no armour, amphibious, 8 rings, camouflage 1, gelatinous body 1,
(nimble swimmer 1), tentacles, tentacle spike 1, iridescent scales 1,
teleportitis 1
a: Renounce Religion, Fiery Armour, Foxfire Swarm, Rising Flame


You were on level 5 of the Dungeon.
You worshipped Ignis.
Ignis was extremely pleased with you.
You visited 1 branch of the dungeon, and saw 5 of its levels.
You also visited: Ossuary.

You collected 143 gold pieces.

Inventory:

Hand Weapons
 a - a -1 spear of flaming (weapon)
 b - a +0 hunting sling
Missiles
 t - 2 throwing nets (quivered)
Jewellery
 d - a ring of wizardry (left tentacle)
 h - the ring "Ekhlagg" {rPois rF- rN++ rCorr Str+2}
   (You found it on level 5 of the Dungeon)

   [ring of resist corrosion]

   Str:       It affects your strength (+2).
   rF:        It makes you vulnerable to fire.
   rPois:     It protects you from poison.
   rN:        It greatly protects you from negative energy.
   rCorr:     It protects you from acid and corrosion.
 n - the ring "Zuhoreuv" (right tentacle) {Will+ Int+2 Dex+3}
   (You found it on level 3 of the Dungeon)

   [ring of willpower]

   Int:       It affects your intelligence (+2).
   Dex:       It affects your dexterity (+3).
   Will:      It increases your willpower.
Wands
 u - a wand of paralysis (3)
 v - a wand of flame (17)
Scrolls
 e - 3 scrolls of fear
 o - a scroll of vulnerability
 w - a scroll of amnesia
Potions
 c - 4 potions of heal wounds
 f - a potion of magic {unknown}
 g - 2 potions of attraction {unknown}
 i - 6 potions of curing
 j - 4 potions of berserk rage
 k - a potion of degeneration {unknown}
 l - 3 potions of lignification
 m - a potion of invisibility {unknown}
 p - 2 potions of flight {unknown}
 q - a potion of resistance {unknown}
 r - a potion of brilliance {unknown}
 s - a potion of ambrosia {unknown}


   Skills:
 + Level 5.5 Fighting
 - Level 4.1 Polearms
 + Level 1.8 Dodging
 - Level 3.0 Spellcasting
 + Level 3.5 Conjurations
 + Level 1.5 Translocations
 - Level 5.0 Fire Magic
 + Level 1.0 Air Magic
 + Level 1.2 Poison Magic


You had 2 spell levels left.
You knew the following spells:

 Your Spells              Type           Power      Damage    Failure   Level
a - Scorch                Fire           48%        2d7       1%          2
b - Teleport Other        Tloc           9%         N/A       9%          3
c - Conjure Flame         Conj/Fire      21%        6-21      2%          3
d - Mephitic Cloud        Conj/Pois/Air  11%        N/A       8%          3

Your spell library contained the following spells:

 Spells                   Type           Power      Damage    Failure   Level
 Apportation              Tloc           18%        N/A       2%          1
 Animate Skeleton         Necr           6%         N/A       5%          1
 Summon Small Mammal      Summ           12%        N/A       5%          1
 Ignite Poison            Fire/Tmut/Pois 11%        N/A       7%          3
 Gell's Gravitas          Tloc           9%         N/A       9%          3
 Lesser Beckoning         Tloc           9%         N/A       9%          3
 Sticky Flame             Conj/Fire      21%        2d4       9%          4
 Freezing Cloud           Conj/Ice/Air   4%         6-21      58%         5


Dungeon Overview and Level Annotations

Branches:
Dungeon (5/15)            Ossuary (visited)
 Temple: D:4-7

Altars:

Shops:
D:3 (   D:5 [


Innate Abilities, Weirdness & Mutations

You cannot wear most types of armour.
You are amphibious.
You can wear up to eight rings at the same time.
Your skin changes colour to match your surroundings (Stealth+).
Your rubbery body absorbs attacks. (AC +1, EV +1)
((You are camouflaged when in or above water. (Stealth+)))
You have tentacles for arms and can constrict up to eight enemies at once.
One of your tentacles bears a spike.
You are partially covered in iridescent scales. (AC +2)
You are occasionally teleported next to monsters.


Message History

The ice beast barely misses you.
You hit the ice beast but do no damage.
Your tentacle spike misses the ice beast.
You squeeze the ice beast!
The ice beast is moderately wounded.
The ice beast hits you. The ice beast freezes you.
You hit the ice beast.
You melt the ice beast.
You pierce the ice beast.
The ice beast is heavily wounded.
The ice beast misses you.
You barely miss the ice beast.
The ice beast is heavily wounded.
You closely miss the ice beast.
You pierce the ice beast.
The ice beast is heavily wounded.
The ice beast hits you but does no damage.
You hit the ice beast but do no damage.
Your tentacle spike misses the ice beast.
The ice beast is heavily wounded.
The ice beast closely misses you.
You hit the ice beast.
You melt the ice beast.
Your squeeze misses the ice beast.
The ice beast is severely wounded.
The ice beast closely misses you.
You hit the ice beast but do no damage.
Your tentacle spike misses the ice beast.
The ice beast is severely wounded.
The ice beast hits you. The ice beast freezes you.
You hit the ice beast.
You melt the ice beast.
Your tentacle spike misses the ice beast.
The ice beast is severely wounded.
The ice beast hits you. The ice beast freezes you!
You are too injured to fight recklessly!
You are too injured to fight recklessly!
You are too injured to fight recklessly!
You hit the ice beast.
You melt the ice beast.
Your squeeze misses the ice beast.
The ice beast is almost dead.
The ice beast hits you.
* * * LOW HITPOINT WARNING * * *
The ice beast freezes you!
You die...

#.##.######..#.#
###..# #.# #..
..##.....>.....#
#..# ..
###########..###
..# #..# . #..#
#..# #..####
#.####
#.....####..#
#.....
##....@Y....#
####.#
##.)...###.# # #
#.......# ..
.............
###
###.......##.# #
##.....## # #
####...## # ..#
##.## #
.########.#


You could see an ice beast.

Vanquished Creatures
  Sigmund (D:3)
  Eustachio (D:5)
  A water moccasin (D:5)
  A scorpion (D:5)
  5 water moccasin zombies (Ossuary)
  2 hounds (D:4)
  An iguana (D:5)
  2 mummies (Ossuary)
  4 adders
  An ufetubus (D:5)
  5 adder zombies (Ossuary)
  12 orcs
  6 endoplasms
  A giant cockroach (D:2)
  5 gnoll zombies
  2 goblins (D:2)
  6 hobgoblins
  6 kobolds
  4 quokkas
  5 ball pythons
  3 bats (D:2)
  2 frilled lizards
  6 hobgoblin zombies (Ossuary)
  3 kobold zombies (Ossuary)
  4 orc zombies
  4 rats
93 creatures vanquished.

Vanquished Creatures (others)
  22 foxfires (D:3)
22 creatures vanquished.

Grand Total: 115 creatures vanquished

Notes
Turn   | Place    | Note
-------+----------+-------------------------------------------
     0 | D:1      | zishaf the Octopode Cinder Acolyte began the quest for the
                  | Orb.
     0 | D:1      | Reached XP level 1. HP: 16/16 MP: 2/2
    68 | D:1      | Reached XP level 2. HP: 9/21 MP: 3/3
   325 | D:1      | Learned a level 2 spell: Scorch
   407 | D:1      | You fall into a shaft and drop 1 floor!
   868 | D:2      | Reached skill level 1 in Dodging
   868 | D:2      | Reached XP level 3. HP: 10/26 MP: 4/4
  2276 | D:3      | Noticed Sigmund
  2281 | D:3      | Killed Sigmund
  2282 | D:3      | Reached XP level 4. HP: 33/33 MP: 5/7
  2282 | D:3      | Reached XP level 5. HP: 37/37 MP: 5/8
  2305 | D:3      | Identified the ring "Zuhoreuv" {Will+ Int+2 Dex+3}
  2312 | D:3      | Learned a level 3 spell: Conjure Flame
  2362 | D:3      | Found Atutias's Weapon Boutique.
  2526 | D:3      | Reached XP level 6. HP: 42/43 MP: 9/9
  3419 | D:4      | Reached skill level 1 in Conjurations
  3455 | D:4      | Identified the +6 falchion of Arhivomu {drain, rN++ rCorr
                  | Str-2}
  3875 | D:5      | Entered Level 5 of the Dungeon
  3875 | D:5      | Noticed a water moccasin
  3882 | D:5      | Killed a water moccasin
  3884 | D:5      | Found a sand-covered staircase.
  3903 | Ossuary  | Entered an ossuary
  4003 | Ossuary  | Reached XP level 7. HP: 31/49 MP: 2/11
  4180 | Ossuary  | Reached skill level 5 in Fighting
  4408 | Ossuary  | Reached skill level 5 in Fire Magic
  4427 | Ossuary  | Learned a level 3 spell: Teleport Other
  4517 | D:5      | Identified the ring "Ekhlagg" {rPois rF- rN++ rCorr Str+2}
  4682 | D:5      | Gained mutation: You possess an exceptional clarity of
                  | mind. [potion of mutation]
  4682 | D:5      | Gained mutation: You do not regenerate when monsters are
                  | visible. [potion of mutation]
  4682 | D:5      | Gained mutation: You are occasionally teleported next to
                  | monsters. [potion of mutation]
  4682 | D:5      | Gained mutation: You are strong-willed. (Will+) [potion of
                  | mutation]
  4683 | D:5      | Lost mutation: You are strong-willed. (Will+) [potion of
                  | mutation]
  4683 | D:5      | Lost mutation: You possess an exceptional clarity of mind.
                  | [potion of mutation]
  4683 | D:5      | Lost mutation: You do not regenerate when monsters are
                  | visible. [potion of mutation]
  4683 | D:5      | Gained mutation: One of your tentacles bears a spike.
                  | [potion of mutation]
  4683 | D:5      | Gained mutation: You are partially covered in iridescent
                  | scales. (AC +2) [potion of mutation]
  4696 | D:5      | Found Kawut's Armour Shop.
  4730 | D:5      | Noticed Eustachio
  4981 | D:4      | Learned a level 3 spell: Mephitic Cloud
  4994 | D:5      | Killed Eustachio
  4995 | D:5      | Reached skill level 1 in Translocations
  4995 | D:5      | Reached skill level 1 in Poison Magic
  4995 | D:5      | Reached XP level 8. HP: 53/56 MP: 12/12
  5085 | D:5      | Reached skill level 1 in Air Magic
  5156 | D:5      | Slain by an ice beast

Illustrated notes

Levels and vault maps discovered:
D:1:      minmay_arrival_checkered_box, layout_basic, st_stairs_7
D:2:      layout_basic
D:3:      layout_rooms, serial_shops, nicolae_shop_bloodbath_and_beyond,
          uniq_sigmund
D:4:      mumra_celtic_spiral_tile, layout_basic
D:5:      layout_loops_ring, nicolae_uskayaw_en_pointe, serial_shops, shop,
          enter_ossuary_3, uniq_blork_the_orc, uniq_eustachio,
          uniq_crazy_yiuf_cottage

Skill      XL: |  1  2  3  4  5  6  7  8 |
---------------+-------------------------+-----
Dodging        | 1 |  1.8
Fighting       | 4 5 |  5.5
Polearms       | 4 |  4.1
Spellcasting   | 2 3 |  3.0
Fire Magic     | 4 5 |  5.0
Conjurations   | 2 3 |  3.5
Translocations | 1 |  1.5
Poison Magic   | 1 |  1.2
Air Magic      | 1 |  1.0

Action                   |  1- 3 |  4- 6 |  7- 9 || total
-------------------------+-------+-------+-------++-------
Melee: Spear             |    75 |    74 |   139 ||   288
       Constrict         |    11 |    17 |    37 ||    65
       Tentacles         |     8 |    16 |    46 ||    70
       Punch             |       |     1 |     1 ||     2
       Kick              |       |       |    19 ||    19
 Cast: Scorch            |       |     9 |       ||     9
Invok: Foxfire Swarm     |     1 |       |       ||     1
  Use: Scroll            |       |    12 |     3 ||    15
       Potion            |       |       |     2 ||     2
 Stab: Sleeping          |     6 |     5 |     2 ||    13
Armor: Skin              |     7 |     6 |     9 ||    22
Dodge: Dodged            |    22 |    42 |    47 ||   111

Table legend: (Time is in decaauts)
 A = Elapsed time spent in this place.
 B = Non-inter-level travel time spent in this place.
 C = Inter-level travel time spent in this place.
 D = Time resting spent in this place.
 E = Time spent auto-exploring this place.
 F = Levels seen in this place.
 G = Mean time per level.
                   A        B        C        D        E       F      G
               +--------+--------+--------+--------+--------+-----+--------+
         Total |   5129 |   4992 |    137 |    954 |   3253 |   6 |  854.8 |
       Dungeon |   4571 |   4434 |    137 |    585 |   3253 |   5 |  914.2 |
       Ossuary |    558 |    558 |      0 |    369 |      0 |   1 |  558.0 |
               +--------+--------+--------+--------+--------+-----+--------+

Top non-repeatable levels by time:
     D:2: 1465 daAuts
     D:4: 1355 daAuts
     D:1: 806 daAuts
 Ossuary: 558 daAuts
     D:5: 517 daAuts
     D:3: 427 daAuts
